 Dungeon Crawl Stone Soup version 0.29-a0-416-g83a48905f1 (webtiles) character file.

Game seed: 1144576995356762286

60461 siradein the Warrior (level 14, -5/86 HPs)
             Began as a Vine Stalker Berserker on May 16, 2022.
             Was a Follower of Uskayaw.
             Slain by a deep troll (20 damage)
             ... created by the rage of Trog
             ... on level 12 of the Dungeon.
             The game lasted 01:17:19 (19267 turns).

siradein the Warrior (Vine Stalker Berserker)      Turns: 19267, Time: 01:17:20

Health: -5/86      AC: 19    Str: 20    XL:     14   Next: 99%
Magic:  0/5        EV: 18    Int:  7    God:    Uskayaw [*.....]
Gold:   1507       SH:  8    Dex: 25    Spells: 13/13 levels left

rFire   . . .      SeeInvis .   Y - +9 quick blade (antimagic)
rCold   . . .      Faith    .   q - +0 buckler
rNeg    . . .      Spirit   +   H - +0 swamp dragon scales
rPois   +          Reflect  .   (no helmet)
rElec   .          Harm     .   n - +1 cloak
rCorr   .          Rampage  .   p - +0 pair of gloves
Will    +....                   X - +0 pair of boots {Fly}
Stlth   +.........              (no amulet)
HPRegen 1.04/turn               F - +6 ring of dexterity
MPRegen 0.09/turn               I - +4 ring of protection

@: flying
A: fangs 3, regeneration 1, magic shield, antimagic bite, no potion heal 2
a: Renounce Religion, Stomp


You were on level 12 of the Dungeon.
You worshipped Uskayaw.
Uskayaw was noncommittal.
You visited 3 branches of the dungeon, and saw 19 of its levels.
You also visited: Bailey and Volcano.

You collected 1507 gold pieces.

Inventory:

Hand Weapons
 Y - a +9 antimagic quick blade (weapon)
Missiles
 r - 3 curare-tipped darts
 A - a throwing net
 D - 425 stones (quivered)
Armour
 n - a +1 cloak (worn)
 p - a +0 pair of gloves (worn)
 q - a +0 buckler (worn)
 H - +0 swamp dragon scales (worn)
 X - a +0 pair of boots of flying (worn)
Jewellery
 d - a ring of resist corrosion
 j - a ring of willpower
 w - a ring of ice
 F - a +6 ring of dexterity (left hand)
 I - a +4 ring of protection (right hand)
 Q - a ring of ice
Wands
 a - a wand of paralysis (2)
 C - a wand of iceblast (21)
 G - a wand of flame (40)
 J - a wand of charming (4)
 T - a wand of acid (4)
 V - a wand of mindburst (19)
Scrolls
 c - 4 scrolls of enchant weapon
 i - 8 scrolls of teleportation
 l - a scroll of summoning
 m - 2 scrolls of magic mapping
 u - a scroll of fear {unknown}
 x - 2 scrolls of noise {unknown}
 y - a scroll of acquirement {unknown}
 z - 3 scrolls of fog {unknown}
 B - 3 scrolls of brand weapon {unknown}
 N - a scroll of immolation {unknown}
 O - 2 scrolls of poison {unknown}
 R - 2 scrolls of blinking {unknown}
 U - 2 scrolls of torment {unknown}
Potions
 e - 3 potions of berserk rage
 f - 11 potions of curing
 g - 2 potions of resistance
 h - 2 potions of ambrosia
 k - 3 potions of magic
 o - 3 potions of flight {unknown}
 s - 3 potions of degeneration {unknown}
 t - 2 potions of lignification {unknown}
 v - 5 potions of mutation {unknown}
 E - 2 potions of invisibility {unknown}
 K - a potion of cancellation {unknown}
 M - 2 potions of haste {unknown}
 P - 3 potions of might {unknown}
 S - 4 potions of attraction {unknown}
Miscellaneous
 L - a lightning rod (4/4)
 W - a condenser vane


   Skills:
 + Level 15.0 Fighting
 + Level 12.3 Short Blades
 + Level 9.4 Armour
 + Level 9.4 Dodging
 + Level 10.0 Shields


You had 13 spell levels left.
You didn't know any spells.
Your spell library was empty.

Dungeon Overview and Level Annotations

Branches:
Dungeon (12/15)            Temple (1/1) D:7            Lair (6/6) D:9
  Swamp (0/4) Lair:4       Spider (0/4) Lair:2        Slime (0/5) Lair:5
    Orc (0/2) D:11         Bailey (visited)         Volcano (visited)

Altars:
Ashenzari
Cheibriados
Dithmenos
Elyvilon
Fedhas
Gozag
Hepliaklqana
Kikubaaqudgha
Makhleb
Okawaru
Qazlal
Ru
Sif Muna
Trog
Uskayaw
Vehumet
Wu Jian
Xom
Yredelemnul
Zin
The Shining One

Shops:
D:1 (   D:7 [

Annotations:
Lair:1 2 transporters, Baegg's ghost, journeyman MfMo
Lair:5 exclusion: 2 oklob plants


Innate Abilities, Weirdness & Mutations

You have razor-sharp teeth.
Your natural rate of healing is unusually fast.
When hurt, damage is shared between your health and your magic reserves.
Your bite disrupts and absorbs the magic of your enemies.
Potions cannot restore your health.


Message History

The deep troll rages.
The black bear rages.
The ogre rages.
You hear a shout!
The ogre rages.
You hear a shout!
You hear an angry growl.
You hear two shouts!
You hear two shouts!
You block the ogre's attack.
You hear an angry growl.
You barely miss the ogre. You bite the ogre. You drain its power.
You feel invigorated.
The ogre is lightly wounded.
The ogre attacks as you move away! The ogre closely misses you.
You hit the ogre. You bite the ogre! You drain its power.
The ogre is heavily wounded.
You hear an angry growl.
You hit the ogre. You bite the ogre! You drain its power.
The ogre is almost dead.
The ogre hits you with a +0 giant spiked club.
You puncture the ogre!
You kill the ogre!
That felt strangely unrewarding.
You hear an angry growl.
The two-headed ogre rages.
You hear an angry growl.
Found a stone staircase leading up.
You block the two-headed ogre's attack.
The two-headed ogre hits you with a +0 giant club!!!
The two-headed ogre attacks as you move away!
The two-headed ogre hits you with a +0 giant club!!
* * * LOW HITPOINT WARNING * * *
The two-headed ogre closely misses you.
A swamp worm comes into view.
A swamp worm comes into view.
You hear an angry growl.
The swamp worm bites the plant!!
The plant begins to die.
The swamp worm moves out of view.
The ogre is no longer berserk.
The swamp worm bites the plant.
The plant begins to die.
The deep troll bites you!!
You die...

......# ##. <....# ...
....# #.# #...#
##.######...###########
#.#.#
#....≈≈≈≈≈..##.....<..#
#.#.#
#...≈≈≈≈≈≈≈.##.......^#
#.#.#
#.≈≈≈≈###≈≈≈O#......[.#
#.#.# ###≈≈O###
###≈OT@.......# #<#.#
...≈≈##
#P≈≈........###.#.###
##.≈≈#
≈≈wwP≈≈.................
#)≈≈##
≈≈≈≈#P≈≈......#+#........
#.≈≈≈###≈###≈≈≈......#
#....†###
###≈≈≈≈###≈≈≈≈########
###......
###O≈≈h≈≈≈.......+
+...###
##≈T≈≈≈........###
###...+ ####............#
#.....#


You could see a two-headed ogre (berserk), a deep troll (berserk), 2 swamp worms
and an ogre (slow).

Vanquished Creatures
  A fire dragon (Lair:6)
  6 hydras
  2 vault guards (Bailey)
  2 two-headed ogres
  A dancing weapon (Volcano)
  5 death yaks
  Urug (D:11)
  4 skeletal warriors (D:11)
  A fire crab (Lair:6)
  5 wizards (Volcano)
  2 bog bodies (Lair:4)
  Pikel (D:5)
  A manticore (D:11)
  5 toenail golems (Volcano)
  10 black mambas
  5 elephants
  Maurice (D:8)
  Joseph (D:8)
  2 molten gargoyles (Lair:6)
  A torpor snail (Lair:5)
  Maggie (D:8)
  2 unseen horrors (D:11)
  14 cane toads
  3 rime drakes
  12 komodo dragons
  2 trolls
  2 polar bears (Lair:4)
  Prince Ribbit (Bailey)
  13 blink frogs
  3 hornets
  A slime creature (D:7)
  7 dream sheep (Lair:6)
  2 culicivoras (Lair:2)
  5 jumping spiders (Lair:2)
  5 wyverns
  Sigmund (D:2)
  43 yaks
  4 humans (Bailey)
  2 steam dragons (Lair:6)
  5 basilisks
  Grum (D:8)
  2 redbacks (Lair:2)
  2 vampire mosquitoes (D:12)
  3 wargs (D:9)
  An acid dragon (D:10)
  3 hell hounds (Lair:6)
  16 water moccasins
  2 black bears
  5 orc warriors
  2 sky beasts (D:7)
  13 wolves
  6 ogres
  15 centaurs
  3 phantoms
  6 kobold brigands
  18 bullfrogs
  3 gnoll sergeants
  A necrophage (D:5)
  3 scorpions
  13 killer bees
  2 electric eels
  A howler monkey (D:4)
  5 lava snakes (Lair:6)
  3 jellies
  An iron imp (D:4)
  A bullfrog skeleton (D:4)
  8 hounds
  8 orc priests
  A gnoll shaman (D:8)
  An iguana (D:4)
  A scorpion zombie (D:4)
  Natasha (thrice) (D:2)
  10 orc wizards
  6 hell rats
  A hound zombie (D:4)
  2 hound skeletons (D:4)
  15 gnolls
  2 adders (D:3)
  11 river rats (Lair:4)
  A white imp (D:7)
  An ufetubus (D:4)
  2 adder skeletons (D:4)
  2 adder zombies (D:4)
  3 worms
  7 dart slugs
  41 orcs
  3 ball pythons
  2 bat zombies (D:6)
  9 endoplasms
  4 giant cockroaches
  9 goblins
  13 hobgoblins
  8 jackals
  5 quokkas
  6 bats
  3 frilled lizards
  19 kobolds
  A quokka zombie (D:4)
  2 rats
  2 rat zombies (D:6)
  A butterfly (Lair:2)
529 creatures vanquished.

Vanquished Creatures (others)
  30 fungi
  52 plants
  A withered plant (D:4)
83 creatures vanquished.

Grand Total: 612 creatures vanquished

Notes
Turn   | Place    | Note
-------+----------+-------------------------------------------
     0 | D:1      | siradein the Vine Stalker Berserker began the quest for the
                  | Orb.
     0 | D:1      | Reached XP level 1. HP: 11/11 MP: 2/2
   363 | D:1      | Reached skill level 3 in Fighting
   363 | D:1      | Reached XP level 2. HP: 9/16 MP: 0/3
  1040 | D:1      | Reached XP level 3. HP: 19/20 MP: 4/4
  1051 | D:1      | Found Ulimmugg's Antique Weapon Emporium.
  2133 | D:2      | Reached ** piety under Trog
  2152 | D:2      | Found a faded altar of an unknown god.
  2329 | D:2      | Noticed Natasha
  2334 | D:2      | Killed Natasha
  2335 | D:2      | Gained mutation: Your natural rate of healing is unusually
                  | fast. [Vine Stalker growth]
  2335 | D:2      | Reached XP level 4. HP: 12/25 MP: 2/5
  2403 | D:2      | Noticed Natasha
  2425 | D:2      | Killed Natasha
  2499 | D:2      | Noticed Natasha
  2509 | D:2      | Killed Natasha
  2510 | D:2      | Reached skill level 4 in Fighting
  2510 | D:2      | Reached XP level 5. HP: 20/29 MP: 4/6
  2642 | D:2      | Noticed Sigmund
  2655 | D:2      | Killed Sigmund
  2656 | D:2      | Reached XP level 6. HP: 35/35 MP: 7/7
  3230 | D:3      | Reached skill level 5 in Fighting
  3230 | D:3      | Reached skill level 5 in Short Blades
  3533 | D:3      | Noticed an orc warrior
  3549 | D:3      | Killed an orc warrior
  3550 | D:3      | Reached XP level 7. HP: 39/39 MP: 8/8
  3828 | D:4      | Reached *** piety under Trog
  3876 | D:4      | Found a snail-covered altar of Cheibriados.
  4121 | D:4      | Reached skill level 6 in Fighting
  4349 | D:4      | Gained mutation: You have razor-sharp teeth. [Vine Stalker
                  | growth]
  4349 | D:4      | Reached XP level 8. HP: 43/44 MP: 9/9
  4414 | D:5      | Entered Level 5 of the Dungeon
  4426 | D:5      | Noticed Pikel
  4451 | D:5      | Killed Pikel
  4452 | D:5      | Reached skill level 7 in Fighting
  4892 | D:5      | Reached skill level 1 in Shields
  4892 | D:5      | Reached XP level 9. HP: 39/50 MP: 10/10
  5018 | D:5      | Found a stormy altar of Qazlal.
  5118 | D:5      | Found a shimmering altar of Xom.
  5455 | D:6      | Reached **** piety under Trog
  5678 | D:6      | Found an ancient bone altar of Kikubaaqudgha.
  5808 | D:6      | Found a bloodstained altar of Trog.
  5893 | D:6      | Found a glowing silver altar of Zin.
  6072 | D:7      | Noticed a hornet
  6075 | D:7      | Paralysed by a hornet for 3 turns
  6085 | D:6      | Killed a hornet
  6212 | D:7      | Found a staircase to the Ecumenical Temple.
  6347 | D:7      | Found Nautoid's Armour Shoppe.
  6429 | D:7      | Reached skill level 8 in Fighting
  6489 | D:7      | Noticed a hornet
  6495 | D:7      | Killed a hornet
  6634 | D:7      | Reached XP level 10. HP: 55/56 MP: 11/11
  6743 | D:7      | Found an ornate altar of the Wu Jian Council.
  6802 | D:7      | Found a hazy altar of Hepliaklqana.
  7234 | D:8      | Noticed Maggie
  7251 | D:8      | Killed Maggie
  7317 | D:8      | Found a radiant altar of Vehumet.
  7617 | D:8      | Noticed Grum
  7674 | D:8      | Killed Grum
  7721 | D:8      | Noticed Maurice
  7751 | D:8      | Killed Maurice
  7752 | D:8      | Reached skill level 9 in Fighting
  7780 | D:8      | Noticed Joseph
  7807 | D:8      | Killed Joseph
  8245 | D:9      | Reached ***** piety under Trog
  8255 | D:9      | Reached XP level 11. HP: 63/63 MP: 12/12
  8259 | D:9      | Reached skill level 5 in Armour
  8259 | D:9      | Reached skill level 5 in Dodging
  8259 | D:9      | Reached skill level 5 in Shields
  8277 | D:9      | Found a flagged portal.
  8286 | Bailey   | Entered a bailey
  8367 | Bailey   | Noticed Prince Ribbit
  8395 | Bailey   | Reached skill level 10 in Fighting
  8400 | Bailey   | Killed Prince Ribbit
  8415 | Bailey   | Noticed a vault guard
  8446 | Bailey   | Killed a vault guard
  8510 | Bailey   | Noticed a vault guard
  8546 | Bailey   | Killed a vault guard
  8681 | D:9      | Found a staircase to the Lair.
  9183 | D:10     | Entered Level 10 of the Dungeon
  9316 | D:10     | Noticed a two-headed ogre
  9344 | D:10     | Killed a two-headed ogre
  9997 | D:11     | Noticed a manticore
 10009 | D:11     | Killed a manticore
 10033 | D:11     | Noticed a two-headed ogre
 10085 | D:11     | Killed a two-headed ogre
 10086 | D:11     | Reached skill level 11 in Fighting
 10233 | D:11     | Noticed a skeletal warrior
 10233 | D:11     | Noticed a skeletal warrior
 10323 | D:11     | Killed a skeletal warrior
 10324 | D:11     | Reached XP level 12. HP: 45/70 MP: 13/13
 10464 | D:11     | Reached skill level 10 in Short Blades
 11012 | D:11     | Found a staircase to the Orcish Mines.
 11126 | D:11     | Received a gift from Trog
 11194 | D:11     | Noticed Urug
 11255 | D:11     | Killed Urug
 11502 | Lair:1   | Entered Level 1 of the Lair of Beasts
 11539 | Lair:1   | Reached skill level 12 in Fighting
 11705 | Lair:1   | Found a transporter.
 11742 | Lair:1   | Noticed a rakshasa
 11743 | Lair:1   | Found a transporter.
 11768 | Lair:1   | Noticed Baegg's ghost (journeyman MfMo)
 12355 | Lair:2   | Noticed a four-headed hydra
 12467 | Lair:2   | Noticed a five-headed hydra
 12489 | Lair:1   | Killed a five-headed hydra
 12620 | Lair:2   | Killed a four-headed hydra
 12621 | Lair:2   | Reached XP level 13. HP: 64/76 MP: 4/14
 13122 | Lair:2   | Found a hole to the Spider Nest.
 13179 | Lair:2   | Reached skill level 13 in Fighting
 13409 | Lair:2   | Identified the +0 leather armour of the Tuna {rF+ Will++
                  | MP-9}
 14040 | Lair:3   | Identified the +5 short sword of the Unliving {antimagic,
                  | Contam Fly Str+3} (Trog gifted it to you on level 3 of the
                  | Lair of Beasts)
 14040 | Lair:3   | Received a gift from Trog
 14897 | Lair:4   | Found a staircase to the Swamp.
 15569 | Lair:5   | Found a shimmering altar of Xom.
 15601 | Lair:5   | Found a dark tunnel.
 15606 | Volcano  | Entered a volcano
 15720 | Volcano  | Reached XP level 14. HP: 81/83 MP: 5/15
 15786 | Volcano  | Reached skill level 14 in Fighting
 16460 | Lair:5   | Found a staircase to the Slime Pits.
 16751 | Lair:5   | Reached ****** piety under Trog
 17216 | Lair:5   | Identified the +8 short sword "Zychao" {flame, Str+5 Dex+3}
                  | (Trog gifted it to you on level 5 of the Lair of Beasts)
 17216 | Lair:5   | Received a gift from Trog
 17332 | Lair:6   | Entered Level 6 of the Lair of Beasts
 17767 | Lair:6   | Found a broken altar of Ashenzari.
 18148 | Lair:6   | Found a large runed translucent door.
 18154 | Lair:6   | Found a large runed translucent door.
 18397 | Lair:6   | Reached skill level 15 in Fighting
 18862 | Lair:6   | Reached skill level 10 in Shields
 19039 | Temple   | Entered the Ecumenical Temple
 19097 | Temple   | Fell from the grace of Trog
 19097 | Temple   | Became a worshipper of Uskayaw the Reveller
 19168 | D:12     | Reached * piety under Uskayaw
 19184 | D:12     | Reached ** piety under Uskayaw
 19216 | D:12     | Reached *** piety under Uskayaw
 19220 | D:12     | Reached **** piety under Uskayaw
 19267 | D:12     | Slain by a deep troll

Illustrated notes

Levels and vault maps discovered:
D:1:      scummos_arrival_forest, layout_basic, serial_shops,
          nicolae_shop_advertising_works [nicolae_subvault_shop_adworks]
D:2:      layout_loops_ring, hellmonk_ecumenical_altar_run_dry, uniq_sigmund,
          uniq_natasha
D:3:      layout_basic
D:4:      layout_cave_pools, slow_altar_1, serial_undead, serial_undead_c,
          serial_undead_c, serial_undead_a, serial_undead_a
D:5:      layout_loops_corners, brannock_xom_greatest_gift,
          mainiacjoe_overflow_cross_hatched, hangedman_abyss_or_decor_stabs,
          chequers_avenue, uniq_pikel
D:6:      layout_rooms, lemuel_zombie_altar_kikubaaqudgha,
          mainiacjoe_overflow_six_doors_small, trog_three_pillars_becter
D:7:      nicolae_whirlpool, layout_rooms, mainiacjoe_overflow_surrounded_room,
          lemuel_coloured_pillars_altar, minmay_temple_entry_gardened_gates,
          serial_shops, kennysheep_mini_moat, minmay_manual_maat
D:8:      layout_basic, mainiacjoe_overflow_concentric_impassable,
          mrwooster_statue_mirror, uniq_maggie, uniq_joseph, uniq_grum,
          uniq_maurice
D:9:      layout_cave_pools, erik_lair_orcish_takeover, enter_bailey_2
D:10:     layout_loops_ring
D:11:     layout_irregular_city, kennysheep_orc_monster_closet_entryway,
          uniq_urug
D:12:     layout_basic, serial_shops, nicolae_shop_hallway_plus, worms_lemuel
Temple:   dshaligram_water_room_temple
Lair:1:   layout_chaotic_city, gammafunk_ghost_abyssal_escape,
          hibernation_bobbens
Lair:2:   layout_roguey, nicolae_spider_entry_tight_spaces, serial_bayou_pond_d,
          lemuel_fruit_fields, lemuel_fruit_tree
Lair:3:   layout_hall_layers, wad_woods_river_01, infiniplex_staircase_pool_2
Lair:4:   layout_loops_ring, skrybe_swamp_entry_bodies, kennysheep_rathole,
          infiniplex_staircase_pool
Lair:5:   layout_hall_layers, minmay_slime_entry_oklob_open, basic_altar,
          enter_volcano_4
Lair:6:   cheibrodos_lair_end_hotspot, layout_loops_ring, basic_altar

Skill      XL: |  1  2  3  4  5  6  7  8  9 10 11 12 13 14 |
---------------+-------------------------------------------+-----
Fighting       | 3 4 5 6 7 8 9 11 12 13 15 | 15.0
Short Blades   | 3 4 5 6 7 8 9 10 11 12 | 12.3
Armour         | 2 3 4 6 7 8 9 |  9.4
Dodging        | 2 3 4 6 7 8 9 |  9.4
Shields        | 1 3 4 6 7 8 10 | 10.0

Action                   |  1- 3 |  4- 6 |  7- 9 | 10-12 | 13-15 || total
-------------------------+-------+-------+-------+-------+-------++-------
Melee: Short sword       |   128 |   128 |    74 |       |       ||   330
       Bite              |    34 |    35 |   182 |   543 |   562 ||  1356
       Punch             |       |     2 |       |       |       ||     2
       Dagger            |       |       |   361 |   979 |       ||  1340
       Quick blade       |       |       |       |   222 |  1209 ||  1431
Throw: Stone             |       |       |       |     2 |     1 ||     3
Invok: Berserk           |     1 |     3 |       |     5 |       ||     9
       Trog's Hand       |       |       |       |     3 |     1 ||     4
Evoke: Wand              |       |       |     4 |     2 |       ||     6
  Use: Scroll            |       |     2 |     4 |     5 |     9 ||    20
       Potion            |       |       |       |       |     1 ||     1
 Stab: Distracted        |       |       |       |     1 |       ||     1
       Paralysed         |       |       |       |       |     2 ||     2
Armor: Animal skin       |    12 |       |       |       |       ||    12
       Leather armour    |    15 |    40 |     2 |       |       ||    57
       Chain mail        |       |       |    39 |       |       ||    39
       Plate armour      |       |       |   152 |    11 |       ||   163
       Skin              |       |       |     1 |       |       ||     1
       Swamp dragon scal |       |       |       |   255 |   170 ||   425
Dodge: Dodged            |    61 |    55 |    77 |   436 |   352 ||   981
Block: Buckler           |       |     5 |    47 |   296 |   190 ||   538

Table legend: (Time is in decaauts)
 A = Elapsed time spent in this place.
 B = Non-inter-level travel time spent in this place.
 C = Inter-level travel time spent in this place.
 D = Time resting spent in this place.
 E = Time spent auto-exploring this place.
 F = Levels seen in this place.
 G = Mean time per level.
                   A        B        C        D        E       F      G
               +--------+--------+--------+--------+--------+-----+--------+
         Total |  17916 |  17312 |    604 |    525 |  12561 |  21 |  853.1 |
       Dungeon |  10932 |  10510 |    422 |    331 |   7558 |  12 |  911.0 |
        Temple |     67 |     58 |      9 |      0 |     44 |   1 |   67.0 |
          Lair |   6225 |   6053 |    172 |    189 |   4574 |   6 | 1037.5 |
        Bailey |    315 |    315 |      0 |      0 |    156 |   1 |  315.0 |
       Volcano |    376 |    376 |      0 |      4 |    228 |   1 |  376.0 |
               +--------+--------+--------+--------+--------+-----+--------+

Top non-repeatable levels by time:
     D:1: 1820 daAuts
  Lair:6: 1368 daAuts
    D:11: 1331 daAuts
  Lair:5: 1150 daAuts
     D:2: 1045 daAuts
     D:8: 1020 daAuts
  Lair:3: 1014 daAuts
     D:7: 972 daAuts
     D:5: 972 daAuts
  Lair:2: 934 daAuts
  Lair:4: 898 daAuts
     D:3: 880 daAuts
  Lair:1: 858 daAuts
    D:10: 797 daAuts
     D:9: 731 daAuts
